 Dungeon Crawl Stone Soup version 0.23.2-33-g5129a83184 (webtiles) character file.

Game seed: 14289230007576748672

4038 Wormgod the Cleaver (level 10, -4/129 HPs)
             Began as a Hill Orc Fighter on June 29, 2019.
             Was a Follower of Beogh.
             Slain by a two-headed ogre
             ... wielding a +0 giant club
              (8 damage)
             ... on level 8 of the Dungeon.
             The game lasted 00:22:02 (7483 turns).

Wormgod the Cleaver (Hill Orc Fighter)              Turns: 7483, Time: 00:22:03

Health: -4/129     AC: 25    Str: 28    XL:     10   Next: 24%
Magic:  10/10      EV:  2    Int:  8    God:    Beogh [*.....]
Gold:   72         SH: 11    Dex: 10    Spells: 9/9 levels left

rFire    . . .     SeeInvis .   a - +1 war axe
rCold    . . .     Gourm    .   c - +0 shield
rNeg     + + +     Faith    .   (armour currently unavailable)
rPois    +         Spirit   .   (helmet currently unavailable)
rElec    .         Reflect  .   (cloak currently unavailable)
rCorr    .         Harm     .   (gloves currently unavailable)
MR       +....     Clarity  +   (boots currently unavailable) Stlth ++........NoTele +
                                e - amulet of the acrobat
HPRegen  0.31/turn              (no ring)
MPRegen  0.12/turn              (no ring)

@: mighty, lethally poisoned (-4 -> -4), tree-form, marked
A: clarity, magic resistance 1
a: Renounce Religion


You were on level 8 of the Dungeon.
You worshipped Beogh.
Beogh was aware of your devotion.
You were very hungry.
You were a tree.
You visited 1 branch of the dungeon, and saw 8 of its levels.

You collected 397 gold pieces.
You spent 325 gold pieces at shops.

Inventory:

Hand Weapons
 a - a +1 war axe (weapon)
 E - a +4 scythe of protection
 H - a +3 dagger of venom
 J - a +2 battleaxe
Armour
 c - a +0 shield (worn)
 k - a +0 cloak (melded)
 m - a +0 pair of gloves (melded)
 q - a +0 cloak
 u - a +4 chain mail of magic resistance (melded)
 v - a +0 plate armour
 A - a +0 pair of boots (melded)
 F - a +3 chain mail
 G - a +0 helmet
Jewellery
 e - an amulet of the acrobat (around neck)
 g - a cursed amulet of inaccuracy {unknown}
 C - a cursed ring of attention {unknown}
Wands
 p - a wand of random effects (12)
 r - a wand of paralysis (11)
 K - a wand of flame (17)
Scrolls
 b - 3 scrolls of immolation
 t - 6 scrolls of remove curse
 w - 2 scrolls of identify
 y - a scroll of fear
 B - a scroll of fog {unknown}
Potions
 i - a potion of resistance {unknown}
 j - a potion of ambrosia {unknown}
 l - a potion of haste {unknown}
 n - 2 potions of flight {unknown}
 o - 4 potions of curing {unknown}
 s - a potion of brilliance {unknown}
 x - 2 potions of invisibility {unknown}
 z - a potion of cancellation {unknown}
 D - a potion of magic {unknown}
 I - a potion of berserk rage {unknown}
Comestibles
 f - 20 rations


   Skills:
 + Level 7.5 Fighting
 + Level 12.4 Axes
 + Level 7.1 Armour
 + Level 2.3 Dodging
 + Level 1.4 Stealth
 + Level 7.7 Shields


You had 9 spell levels left.
You didn't know any spells.
Your spell library contained the following spells:

 Spells                   Type           Power        Failure   Level  Hunger
 Confusing Touch          Hex            #.....       73%         1    ##.....
 Magic Dart               Conj           #...         73%         1    ##.....
 Searing Ray              Conj           #.....       86%         2    ###....
 Confuse                  Hex            #.......     97%         3    ####...
 Dazzling Spray           Conj/Hex       #.....       97%         3    ####...
 Gell's Gravitas          Tloc           #.........   97%         3    ####...
 Force Lance              Conj/Tloc      #.......     100%        4    #####..
 Fulminant Prism          Conj/Hex       #.........   100%        4    #####..
 Iskenderun's Mystic Bla  Conj           #.......     100%        4    #####..
 Petrify                  Tmut/Erth      #.......     100%        4    #####..
 Metabolic Englaciation   Hex/Ice        #.........   100%        5    ######.
 Yara's Violent Unravell  Hex/Tmut       #.........   100%        5    ######.


Dungeon Overview and Level Annotations

Branches:
Dungeon (8/15)             Temple (0/1) D:4
   Lair: D:8-11

Altars:
Cheibriados
Gozag
Kikubaaqudgha
Nemelex Xobeh
Ru
Sif Muna
Wu Jian
Yredelemnul
Zin

Shops:
D:7 %


Innate Abilities, Weirdness & Mutations

((Your skin changes colour to match your surroundings (Stealth+).))
You possess an exceptional clarity of mind.
You are resistant to hostile enchantments. (MR+)


Message History

Uppercase [Y]es or [N]o only, please.
Really quaff the potion of lignification?
You turn into a tree.
Your +0 cloak melds into your body.
Your +0 pair of gloves melds into your body.
Your +0 pair of boots melds into your body.
Your +4 chain mail of magic resistance melds into your body.
You feel less resistant to hostile enchantments.
Your roots penetrate the ground.
The killer bee stings you but does no damage.
The centaur unwields a +0 shortbow.
The centaur hits you but does no damage.
The worker ant bites you but does no damage.
A quokka comes into view.
An orc comes into view. It is wielding a +0 short sword.
The bullfrog hits you but does no damage.
You block the killer bee's attack.
The two-headed ogre hits you with a +0 giant club!
* * * LOW HITPOINT WARNING * * *
The two-headed ogre hits you with a +0 giant spiked club!
You die...

#.......# #...##<.#
#...##..# #...#.....
#...#.....#
#>..#...([#
#[).#.....# .
###'##############'#
#.[))y♣Ozz....>.....
#...OFacoz..........
#.....hoo.o.........
#.........(.o.......
#.>........((.......
#...................
#............o......
#........r..........
#########'#######...


You could see a two-headed ogre, an orc warrior, an ogre, a bullfrog, a centaur,
a howler monkey, a worker ant, a killer bee, 3 wights, 5 orcs and a quokka.

Vanquished Creatures
  Pikel (D:4)
  Grinder (D:6)
  Sigmund (D:6)
  A human (D:7)
  4 hogs (D:7)
  Duvessa (D:6)
  2 ice beasts
  A sky beast (D:5)
  4 ogres
  3 centaurs
  Blork the orc (D:5)
  A bullfrog (D:7)
  Dowan (D:6)
  5 killer bees (D:8)
  7 wights
  A howler monkey (D:4)
  3 crimson imps
  A quasit (D:7)
  2 jellies
  5 hounds
  5 orc wizards
  A bullfrog zombie (D:5)
  2 orc priests (D:8)
  Terence (D:2)
  2 worker ants
  A gnoll (D:3)
  8 adders
  A shadow imp (D:5)
  An ooze (D:1)
  An adder skeleton (D:5)
  2 worms (D:3)
  3 dart slugs
  6 leopard geckos
  14 orcs
  A ball python (D:3)
  8 bats
  5 giant cockroaches
  2 gnoll zombies (D:6)
  5 goblins
  5 hobgoblins
  2 jackals (D:6)
  4 quokkas
  8 frilled lizards
  2 jackal skeletons
  7 kobolds
  A quokka skeleton (D:5)
  A quokka zombie (D:5)
  3 rats (D:1)
148 creatures vanquished.

Notes
Turn   | Place    | Note
-------+----------+-------------------------------------------
     0 | D:1      | Wormgod the Hill Orc Fighter began the quest for the Orb.
     0 | D:1      | Reached XP level 1. HP: 19/19 MP: 1/1
    35 | D:1      | Reached XP level 2. HP: 26/27 MP: 2/2
   278 | D:1      | Reached skill level 3 in Axes
   900 | D:1      | Reached XP level 3. HP: 33/33 MP: 3/3
  1214 | D:2      | Found an opulent altar of Gozag.
  1354 | D:2      | Reached XP level 4. HP: 34/40 MP: 4/4
  1687 | D:2      | Noticed Terence
  1696 | D:2      | Killed Terence
  2085 | D:3      | Reached skill level 4 in Axes
  2294 | D:3      | Found a deep blue altar of Sif Muna.
  2398 | D:3      | Reached XP level 5. HP: 44/46 MP: 5/5
  3058 | D:3      | Reached skill level 5 in Axes
  3067 | D:3      | Reached XP level 6. HP: 45/53 MP: 6/6
  3194 | D:4      | Reached skill level 1 in Dodging
  3322 | D:4      | You fall through a shaft for 2 floors!
  3328 | D:5      | Entered Level 5 of the Dungeon
  3369 | D:5      | Reached skill level 6 in Axes
  3425 | D:5      | Reached skill level 5 in Armour
  3425 | D:5      | Reached XP level 7. HP: 53/60 MP: 7/7
  3681 | D:5      | Reached skill level 5 in Shields
  3735 | D:3      | Reached skill level 7 in Axes
  4012 | D:4      | Reached skill level 1 in Stealth
  4267 | D:4      | Noticed Pikel
  4285 | D:4      | Killed Pikel
  4285 | D:4      | Reached skill level 5 in Fighting
  4285 | D:4      | Reached skill level 8 in Axes
  4285 | D:4      | Reached XP level 8. HP: 16/68 MP: 8/8
  4541 | D:4      | Became a worshipper of Beogh the Brigand
  4544 | D:4      | Found a sparkling altar of Nemelex Xobeh.
  4547 | D:4      | Reached skill level 9 in Axes
  4666 | D:4      | Found a staircase to the Ecumenical Temple.
  5119 | D:5      | Found a glowing silver altar of Zin.
  5178 | D:5      | Found an ancient bone altar of Kikubaaqudgha.
  5221 | D:5      | Reached XP level 9. HP: 60/75 MP: 9/9
  5262 | D:5      | Noticed Blork the orc
  5269 | D:5      | Killed Blork the orc
  5269 | D:5      | Reached skill level 10 in Axes
  5399 | D:6      | Found a snail-covered altar of Cheibriados.
  5413 | D:6      | Noticed Grinder
  5431 | D:6      | Killed Grinder
  5586 | D:6      | Noticed Sigmund
  5592 | D:6      | Killed Sigmund
  5640 | D:6      | Noticed Duvessa
  5641 | D:6      | Noticed Dowan
  5653 | D:6      | Killed Dowan
  5670 | D:6      | Killed Duvessa
  6008 | D:6      | Found a sacrificial altar of Ru.
  6010 | D:6      | Found an ornate altar of the Wu Jian Council.
  6123 | D:6      | Reached skill level 11 in Axes
  6200 | D:6      | Found a basalt altar of Yredelemnul.
  6355 | D:6      | Gained mutation: You are resistant to hostile enchantments.
                  | (MR+) [potion of mutation]
  6355 | D:6      | Gained mutation: You possess an exceptional clarity of
                  | mind. [potion of mutation]
  6355 | D:6      | Gained mutation: Your skin changes colour to match your
                  | surroundings (Stealth+). [potion of mutation]
  6635 | D:7      | Found Caisag's Food Boutique.
  6643 | D:7      | Bought a ration for 65 gold pieces
  6643 | D:7      | Bought a ration for 65 gold pieces
  6643 | D:7      | Bought a ration for 65 gold pieces
  6643 | D:7      | Bought a ration for 65 gold pieces
  6643 | D:7      | Bought a ration for 65 gold pieces
  6777 | D:7      | Reached * piety under Beogh
  7001 | D:7      | Reached XP level 10. HP: 62/84 MP: 10/10
  7002 | D:7      | Reached skill level 12 in Axes
  7462 | D:8      | Noticed a two-headed ogre
  7483 | D:8      | HP: 4/129 [two-headed ogre/+0 giant club (13)]
  7483 | D:8      | Slain by a two-headed ogre

Skill      XL: |  1  2  3  4  5  6  7  8  9 10 |
---------------+-------------------------------+-----
Axes           | 3 4 5 6 8 9 11 12 | 12.4
Fighting       | 4 5 6 7 |  7.5
Armour         | 4 5 6 7 |  7.1
Shields        | 4 6 7 |  7.7
Dodging        | 1 2 |  2.3
Stealth        | 1 |  1.4

Action                   |  1- 3 |  4- 6 |  7- 9 | 10-12 || total
-------------------------+-------+-------+-------+-------++-------
Melee: War axe           |   143 |   144 |   282 |    72 ||   641
Invok: Convert to Beogh  |       |       |     1 |       ||     1
  Use: Scroll            |       |    10 |     2 |       ||    12
       Potion            |       |     1 |     4 |     2 ||     7
  Eat: Chunk             |     2 |     7 |     4 |     1 ||    14
       Ration            |       |       |     2 |       ||     2
Armor: Scale mail        |    80 |    12 |       |       ||    92
       Chain mail        |       |    77 |   160 |    49 ||   286
       Ring mail         |       |     1 |       |       ||     1
       Skin              |       |       |       |     4 ||     4
Dodge: Dodged            |    49 |    71 |    77 |    26 ||   223
Block: Shield            |    98 |    93 |   169 |    53 ||   413
